 Dungeon Crawl Stone Soup version 0.28-a0-938-gbc3f381ebc (webtiles) character file.

Game seed: 15215156157466408116

45 ytrimaz the Magician (level 3, -11/26 HPs)
             Began as a Djinni Fire Elementalist on Nov 28, 2021.
             Mangled by an orc warrior (14 damage)
             ... on level 4 of the Dungeon.
             The game lasted 00:03:48 (2504 turns).

ytrimaz the Magician (Djinni Fire Elementalist)     Turns: 2504, Time: 00:03:49

Health: -11/26     AC:  3    Str:  7    XL:     3   Next: 90%
Gold:   79         EV: 12    Int: 17    God:
                   SH:  0    Dex: 13

rFire   + + .      SeeInvis .   (no weapon)
rCold   x . .      Faith    .   (no shield)
rNeg    . . .      Spirit   .   a - +1 robe
rPois   ∞          Reflect  .   (no helmet)
rElec   .          Harm     .   (no cloak)
rCorr   .          Rampage  .   (no gloves)
Will    .....                   (boots unavailable)
Stlth   ++........              (no amulet)
HPRegen 0.08/turn               d - ring of wizardry
MPRegen 0.00/turn               (no ring)

@: flying
A: sickness immunity, fire resistance 2, cold vulnerability 1, float, innate
caster, hp casting, extra vitality 1
a: no special abilities


You were on level 4 of the Dungeon.
You visited 1 branch of the dungeon, and saw 3 of its levels.

You collected 79 gold pieces.

Inventory:

Armour
 a - a +1 robe (worn)
Jewellery
 d - a ring of wizardry (left hand)
Potions
 b - a potion of curing {unknown}
 c - a potion of mutation {unknown}
 e - a potion of degeneration {unknown}


   Skills:
 * Level 0.5 Fighting
 + Level 2.4 Dodging
 - Level 1.7 Stealth
 + Level 3.3 Spellcasting


You couldn't memorise any spells.
You knew the following spells:

 Your Spells              Type           Power      Damage    Failure   Level
a - Foxfire               Conj/Fire      56%        2x1d6     1%          1
b - Scorch                Fire           28%        2d6       2%          2
c - Conjure Flame         Conj/Fire      14%        6-21      5%          3
d - Inner Flame           Hex/Fire       14%        N/A       5%          3
e - Flame Wave            Conj/Fire      14%        2d5       16%         4
f - Summon Small Mammal   Summ           56%        N/A       1%          1
Your spell library was empty.

Dungeon Overview and Level Annotations

Branches:
Dungeon (2/15)

Altars:
Wu Jian
Xom

Shops:
D:1 [


Innate Abilities, Weirdness & Mutations

You are immune to sickness and miasma.
You are immune to poison.
Your flesh is very heat resistant. (rF++)
You are vulnerable to cold. (rC-)
You float through the air rather than walking.
You learn spells naturally, not from books.
Your magical power is your life essence.
You have superior vitality. (+4 HP)


Message History

The orc warrior is moderately wounded.
You conjure some foxfire!
The foxfire hits the orc warrior.
The orc warrior is moderately wounded.
Your foxfire dissipates!
A kobold comes into view. It is wielding a +0 whip.
You conjure some foxfire!
The kobold shouts!
The foxfire hits the orc warrior but does no damage.
The orc warrior is moderately wounded.
The foxfire hits the orc warrior.
The orc warrior is moderately wounded.
Your foxfire dissipates!
The foxfire hits the orc warrior.
The orc warrior is heavily wounded.
You conjure some foxfire!
Unknown command.
Your foxfire dissipates!
An iguana comes into view.
Found 12 gold pieces.
The foxfire hits the kobold.
You kill the kobold!
A goblin comes into view. It is wielding a +0 club.
The goblin shouts!
You hear a shout!
The goblin unwields a +0 club.
The goblin wields a +0 hunting sling.
The goblin shoots a stone.
The stone misses you.
The iguana hisses angrily.
A scorpion comes into view.
An adder comes into view.
The goblin shoots a stone.
The stone misses you.
The goblin shoots a stone.
The stone barely misses you. The iguana barely misses you.
The iguana bites you!
Ouch! That really hurt!
The scorpion stings you.
* * * LOW HITPOINT WARNING * * *
The goblin unwields a +0 hunting sling.
The goblin wields a +0 club.
The goblin misses you.
An orc comes into view. It is wielding a +0 flail.
The orc warrior hits you with a +0 hand axe!
Ouch! That really hurt!
You die...

#.S......# #.#..
#.......# #....
#.......# ######....
##S..## #.........
##.....###.........
##.......##.........
##..g......#.........
#..lso$...o.)........
##..@......####+##...
##.......## ####
##.....#.. #.....##..
#....## .. #....# ..
#....# ######


You could see an orc warrior, a scorpion, an iguana, an adder (wandering), an
orc (wandering) and a goblin.

Vanquished Creatures
  An adder (D:2)
  4 endoplasms
  2 giant cockroaches
  3 goblins
  A hobgoblin (D:1)
  3 jackals (D:2)
  8 kobolds
  3 quokkas
  A ball python (D:2)
  2 bats (D:1)
  4 frilled lizards
  A rat (D:1)
33 creatures vanquished.

Vanquished Creatures (others)
  121 foxfires
121 creatures vanquished.

Grand Total: 154 creatures vanquished

Notes
Turn   | Place    | Note
-------+----------+-------------------------------------------
     0 | D:1      | ytrimaz the Djinni Fire Elementalist began the quest for
                  | the Orb.
     0 | D:1      | Reached XP level 1. HP: 15/15 MP: 0/0
   658 | D:1      | Reached XP level 2. HP: 16/21 MP: 0/0
  1283 | D:1      | Reached skill level 3 in Spellcasting
  1580 | D:1      | Found Viheez's Antique Armour Shop.
  1584 | D:1      | Reached XP level 3. HP: 23/25 MP: 0/0
  1584 | D:1      | Learned a level 1 spell: Summon Small Mammal
  1856 | D:2      | Found a faded altar of an unknown god.
  2127 | D:2      | Found an ornate altar of the Wu Jian Council.
  2460 | D:4      | Found a shimmering altar of Xom.
  2482 | D:4      | Noticed an orc warrior
  2494 | D:4      | Noticed a scorpion
  2504 | D:4      | Mangled by an orc warrior

Illustrated notes

Levels and vault maps discovered:
D:1:      mainiacjoe_arrival_reflecting_pool, layout_loops_ring, serial_shops,
          nicolae_shop_overgrown_old_shop
D:2:      layout_rooms, hellmonk_ecumenical_altar_dog_temple, basic_altar,
          minmay_pentomino_r4, uniq_sigmund
D:4:      layout_basic, lemuel_crystal_altar,
          chequers_temple_overflow_statue_of_worship

Skill      XL: |  1  2 |
---------------+-------+-----
Spellcasting   | 3 |  3.3
Fighting       | |  0.5
Dodging        | |  2.4
Stealth        | |  1.7

Action                   || total
-------------------------++-------
Melee: Unarmed           ||     1
 Cast: Foxfire           ||    94
  Use: Scroll            ||     3
Armor: Robe              ||     4
Dodge: Dodged            ||    17

Table legend: (Time is in decaauts)
 A = Elapsed time spent in this place.
 B = Non-inter-level travel time spent in this place.
 C = Inter-level travel time spent in this place.
 D = Time resting spent in this place.
 E = Time spent auto-exploring this place.
 F = Levels seen in this place.
 G = Mean time per level.
                   A        B        C        D        E       F      G
               +--------+--------+--------+--------+--------+-----+--------+
         Total |   2503 |   2483 |     20 |     29 |   2138 |   3 |  834.3 |
       Dungeon |   2503 |   2483 |     20 |     29 |   2138 |   3 |  834.3 |
               +--------+--------+--------+--------+--------+-----+--------+

Top non-repeatable levels by time:
     D:1: 1854 daAuts
     D:2: 602 daAuts
     D:4: 46 daAuts
